NYP
MINNESOTA (NYP) TWINS @ STATEN ISLAND YANKEES
07/25/2048
 
TOP OF THE 1ST
Minnesota (NYP) Twins batting - Pitching for Staten Island Yankees : RHP Andrew Ray
Pitching: RHP Andrew Ray
Batting: LHB Yasutoshi Hayashi 0-0: Swinging Strike
0-1: Swinging Strike
0-2: Strikes out swinging
Batting: RHB Sergio Gomez 0-0: Ball
1-0: Ball
2-0: Ball
3-0: Called Strike
3-1: Base on Balls
Batting: LHB Ryuuichi Shintani 0-0: Called Strike
0-1: Called Strike
Sergio Gomez steals 2nd base
0-2: TRIPLE (Flyball, 8RXD, EV 88.1 MPH)
Sergio Gomez scores
Batting: RHB Steve Terrell 0-0: Foul Ball, location: 2F
0-1: Ground out U3 (Groundball, 23, EV 88.8 MPH)
Batting: RHB Alexandre Garcia 0-0: Called Strike
0-1: Ground out 6-3 (Groundball, 6M, EV 83.8 MPH)
Top of the 1st over - 1 run, 1 hit, 0 errors, 1 left on base; Minnesota (NYP) 1 - Staten Island 0
BOTTOM OF THE 1ST
Staten Island Yankees batting - Pitching for Minnesota (NYP) Twins : RHP Gary Triska
Pitching: RHP Gary Triska
Batting: RHB Norimoto Miyanishi 0-0: Swinging Strike
0-1: Ball
1-1: Foul Ball, location: 2F
1-2: Strikes out swinging, 2-3 out at first.
Batting: LHB Dario Segura 0-0: Foul Ball, location: 2F
0-1: Ball
1-1: Ball
2-1: Called Strike
2-2: SINGLE (Groundball, 6M, EV 80.6 MPH) (infield hit)
Batting: RHB Pat Pemberton 0-0: Ground out 4-3 (Groundball, 34, EV 84.4 MPH)
Dario Segura to second
Batting: SHB Tadaaki Kondo 0-0: Ball
1-0: Called Strike
1-1: SINGLE (Groundball, 34D, EV 100.0 MPH)
Dario Segura to third
Runner from 3rd tries for Home, SAFE, throw by RF to home
Batting: LHB Mike Schermerhorn 0-0: Ball
1-0: Called Strike
1-1: Ground out 4-3 (Groundball, 4S, EV 86.2 MPH)
Bottom of the 1st over - 1 run, 2 hits, 0 errors, 1 left on base; Minnesota (NYP) 1 - Staten Island 1
TOP OF THE 2ND
Minnesota (NYP) Twins batting - Pitching for Staten Island Yankees : RHP Andrew Ray
Batting: RHB Rick Kendall 0-0: Called Strike
0-1: Ball
1-1: Ball
2-1: Called Strike
2-2: Ball
3-2: Fly out, F9 (Flyball, 9S, EV 89.4 MPH)
Batting: LHB Jose Hilario 0-0: Ball
1-0: Foul Ball, location: 2F
1-1: Foul Ball, location: 2F
1-2: DOUBLE (Line Drive, 78D, EV 101.9 MPH)
Batting: LHB Ben Roth 0-0: Called Strike
0-1: Swinging Strike
0-2: Ball
1-2: Foul Ball, location: 2F
1-2: Strikes out looking
Batting: RHB Ioan Biros 0-0: Ball
1-0: Called Strike
1-1: Ball
Wild Pitch!
Jose Hilario to third
2-1: Foul Ball, location: 2F
2-2: Ball
3-2: Fly out, F8 (Flyball, 78M, EV 77.5 MPH)
Top of the 2nd over - 0 runs, 1 hit, 0 errors, 1 left on base; Minnesota (NYP) 1 - Staten Island 1
BOTTOM OF THE 2ND
Staten Island Yankees batting - Pitching for Minnesota (NYP) Twins : RHP Gary Triska
Batting: SHB Adam Slade 0-0: Ball
1-0: Ball
2-0: Fly out, F8 (Flyball, 8RM, EV 83.1 MPH)
Batting: RHB Edite Leoni 0-0: Called Strike
0-1: Ball
1-1: Ground out U3 (Groundball, 3, EV 79.4 MPH)
Batting: RHB Matt Thompson 0-0: Foul Ball, location: 2F
0-1: Ball
1-1: Fly out, F3 (Line Drive, 3L, EV 65.6 MPH)
Bottom of the 2nd over - 0 runs, 0 hits, 0 errors, 0 left on base; Minnesota (NYP) 1 - Staten Island 1
TOP OF THE 3RD
Minnesota (NYP) Twins batting - Pitching for Staten Island Yankees : RHP Andrew Ray
Batting: LHB Yasutoshi Hayashi 0-0: Called Strike
0-1: Ball
1-1: Foul Ball, location: 2F
1-2: Ball
2-2: Strikes out swinging
Batting: RHB Sergio Gomez 0-0: Called Strike
0-1: SINGLE (Groundball, 13, EV 83.1 MPH) (infield hit)
Batting: LHB Ryuuichi Shintani 0-0: Ball
1-0: Called Strike
1-1: Ball
2-1: Swinging Strike
2-2: SINGLE (Groundball, 56D, EV 94.4 MPH)
Sergio Gomez to second
Batting: RHB Steve Terrell 0-0: Foul Ball, location: 2F
0-1: Fielders Choice at 2nd, 2-4 (Groundball, 15S, EV 72.5 MPH)
Sergio Gomez to third
Batting: RHB Alexandre Garcia 0-0: Fielders Choice at 2nd, 6-4 (Groundball, 6, EV 102.5 MPH)
Top of the 3rd over - 0 runs, 2 hits, 0 errors, 2 left on base; Minnesota (NYP) 1 - Staten Island 1
BOTTOM OF THE 3RD
Staten Island Yankees batting - Pitching for Minnesota (NYP) Twins : RHP Gary Triska
Batting: RHB Danny Ayala 0-0: Ball
1-0: Swinging Strike
1-1: Foul Ball, location: 2F
1-2: Ball
2-2: Ball
3-2: Reached via error on a dropped throw from 1B, E1 (Groundball, 34, EV 81.2 MPH)
Batting: RHB Norimoto Miyanishi 0-0: 2-RUN HOME RUN (Flyball, 7D, EV 105.0 MPH), Distance : 387 ft
Batting: LHB Dario Segura 0-0: Ball
1-0: Swinging Strike
1-1: Swinging Strike
1-2: Foul Ball, location: 2F
1-2: Strikes out swinging
Batting: RHB Pat Pemberton 0-0: SINGLE (Line Drive, 6D, EV 106.9 MPH)
Batting: SHB Tadaaki Kondo 0-0: Ball
1-0: Called Strike
1-1: Ball
2-1: Ball
3-1: Foul Ball, location: 2F
3-2: Grounds into double play, 4-6-3 (Groundball, 4, EV 77.5 MPH)
Bottom of the 3rd over - 2 runs, 2 hits, 1 error, 0 left on base; Minnesota (NYP) 1 - Staten Island 3
TOP OF THE 4TH
Minnesota (NYP) Twins batting - Pitching for Staten Island Yankees : RHP Andrew Ray
Batting: RHB Rick Kendall 0-0: Ball
1-0: Called Strike
1-1: Ball
2-1: Foul Ball, location: 2F
2-2: Ball
3-2: Ground out 6-3 (Groundball, 56, EV 110.6 MPH)
Batting: LHB Jose Hilario 0-0: Swinging Strike
0-1: Swinging Strike
0-2: Fly out, F3 (Popup, 34S, EV 69.4 MPH)
Batting: LHB Ben Roth 0-0: Ball
1-0: Called Strike
1-1: Ground out 4-3 (Groundball, 4, EV 87.5 MPH)
Top of the 4th over - 0 runs, 0 hits, 0 errors, 0 left on base; Minnesota (NYP) 1 - Staten Island 3
BOTTOM OF THE 4TH
Staten Island Yankees batting - Pitching for Minnesota (NYP) Twins : RHP Gary Triska
Batting: LHB Mike Schermerhorn 0-0: Ball
1-0: Ball
2-0: Foul Ball, location: 2F
2-1: Ball
3-1: Fly out, F8 (Line Drive, 89D, EV 86.2 MPH)
Batting: SHB Adam Slade 0-0: Ball
1-0: Ball
2-0: Called Strike
2-1: Swinging Strike
2-2: Strikes out swinging
Batting: RHB Edite Leoni 0-0: Foul Ball, location: 2F
0-1: Called Strike
0-2: Ground out 5-3 (Groundball, 56, EV 102.5 MPH)
Bottom of the 4th over - 0 runs, 0 hits, 0 errors, 0 left on base; Minnesota (NYP) 1 - Staten Island 3
TOP OF THE 5TH
Minnesota (NYP) Twins batting - Pitching for Staten Island Yankees : RHP Andrew Ray
Batting: RHB Ioan Biros 0-0: DOUBLE (Groundball, 5L, EV 101.9 MPH)
Batting: LHB Yasutoshi Hayashi 0-0: Ball
1-0: DOUBLE (Line Drive, 9LM, EV 110.6 MPH)
Ioan Biros scores
Batting: RHB Sergio Gomez 0-0: Foul Ball, location: 2F
0-1: Ball
1-1: Ground out 4-3 (Groundball, 4, EV 99.4 MPH)
Yasutoshi Hayashi to third
Batting: LHB Ryuuichi Shintani 0-0: Ball
1-0: Ground out 1-3 (Groundball, 15S, EV 75.0 MPH)
Batting: RHB Steve Terrell 0-0: Fly out, F7 (Flyball, 78M, EV 85.0 MPH)
Top of the 5th over - 1 run, 2 hits, 0 errors, 1 left on base; Minnesota (NYP) 2 - Staten Island 3
BOTTOM OF THE 5TH
Staten Island Yankees batting - Pitching for Minnesota (NYP) Twins : RHP Gary Triska
Batting: RHB Matt Thompson 0-0: Foul Ball, location: 2F
0-1: Ball
1-1: Called Strike
1-2: Ground out 5-3 (Groundball, 56S, EV 85.6 MPH)
Batting: RHB Danny Ayala 0-0: DOUBLE (Line Drive, 7LS, EV 98.1 MPH)
Batting: RHB Norimoto Miyanishi 0-0: Ball
1-0: Called Strike
1-1: Foul Ball, location: 2F
1-2: Foul Ball, location: 2F
1-2: Strikes out swinging
Batting: LHB Dario Segura 0-0: Called Strike
0-1: Swinging Strike
0-2: Foul Ball, location: 2F
0-2: Ball
1-2: Foul Ball, location: 2F
1-2: Strikes out swinging
Bottom of the 5th over - 0 runs, 1 hit, 0 errors, 1 left on base; Minnesota (NYP) 2 - Staten Island 3
TOP OF THE 6TH
Minnesota (NYP) Twins batting - Pitching for Staten Island Yankees : RHP Andrew Ray
Batting: RHB Alexandre Garcia 0-0: Ball
1-0: Foul Ball, location: 2F
1-1: Swinging Strike
1-2: Fly out, F8 (Flyball, 8RD, EV 99.4 MPH)
Batting: RHB Rick Kendall 0-0: Called Strike
0-1: Ball
1-1: Ball
2-1: Foul Ball, location: 2F
2-2: Ground out 4-3 (Groundball, 4, EV 90.6 MPH)
Batting: LHB Jose Hilario 0-0: Ground out 6-3 (Groundball, 6M, EV 82.5 MPH)
Top of the 6th over - 0 runs, 0 hits, 0 errors, 0 left on base; Minnesota (NYP) 2 - Staten Island 3
BOTTOM OF THE 6TH
Staten Island Yankees batting - Pitching for Minnesota (NYP) Twins : RHP Gary Triska
Batting: RHB Pat Pemberton 0-0: Ground out 5-3 (Groundball, 5S, EV 84.4 MPH)
Batting: SHB Tadaaki Kondo 0-0: Ball
1-0: Swinging Strike
1-1: Ball
2-1: Called Strike
2-2: Hit by Pitch
Batting: LHB Mike Schermerhorn 0-0: Ball
1-0: Foul Ball, location: 2F
1-1: Grounds into double play, 1-6-3 (Groundball, 13S, EV 71.9 MPH)
Bottom of the 6th over - 0 runs, 0 hits, 0 errors, 0 left on base; Minnesota (NYP) 2 - Staten Island 3
TOP OF THE 7TH
Minnesota (NYP) Twins batting - Pitching for Staten Island Yankees : RHP Andrew Ray
Batting: LHB Ben Roth 0-0: Swinging Strike
0-1: Fly out, F8 (Flyball, 78M, EV 96.2 MPH)
Batting: RHB Ioan Biros 0-0: Ball
1-0: Ground out 5-3 (Groundball, 56, EV 89.4 MPH)
Batting: LHB Yasutoshi Hayashi 0-0: Called Strike
0-1: Foul Ball, location: 2F
0-2: Ball
1-2: Ball
2-2: Foul Ball, location: 2F
2-2: Ball
3-2: Base on Balls
Batting: RHB Sergio Gomez Balk!
Yasutoshi Hayashi to second
Pinch Hitting: LHB Tomas Espino 0-0: Called Strike
0-1: Ball
1-1: Foul Ball, location: 2F
1-2: SINGLE (Line Drive, 3D, EV 94.4 MPH)
Yasutoshi Hayashi to third
Runner from 3rd tries for Home, SAFE, throw by RF to home
Pitching: RHP Gary Salazar
Batting: LHB Ryuuichi Shintani 0-0: Called Strike
0-1: Swinging Strike
0-2: Ball
1-2: Strikes out swinging
Top of the 7th over - 1 run, 1 hit, 0 errors, 1 left on base; Minnesota (NYP) 3 - Staten Island 3
BOTTOM OF THE 7TH
Staten Island Yankees batting - Pitching for Minnesota (NYP) Twins : RHP Gary Triska
Pitching: RHP Cody Bryant
Now at 3B: Caleb Bockmann
Batting: SHB Adam Slade 0-0: DOUBLE (Line Drive, 89D, EV 101.9 MPH)
Batting: RHB Edite Leoni 0-0: Ball
1-0: Foul Ball, location: 2F
1-1: Swinging Strike
1-2: Ball
Wild Pitch!
Adam Slade to third
2-2: Strikes out swinging
Batting: RHB Matt Thompson 0-0: Called Strike
0-1: Called Strike
0-2: Foul Ball, location: 2F
0-2: Strikes out swinging
Batting: RHB Danny Ayala 0-0: Ball
1-0: SINGLE (Groundball, 56D, EV 104.4 MPH)
Adam Slade scores
Batting: RHB Norimoto Miyanishi 0-0: Ball
1-0: Ground out 4-3 (Groundball, 34, EV 85.0 MPH)
Bottom of the 7th over - 1 run, 2 hits, 0 errors, 1 left on base; Minnesota (NYP) 3 - Staten Island 4
TOP OF THE 8TH
Minnesota (NYP) Twins batting - Pitching for Staten Island Yankees : RHP Gary Salazar
Batting: RHB Steve Terrell 0-0: Swinging Strike
0-1: Called Strike
0-2: Ball
1-2: Ball
2-2: Strikes out swinging
Batting: RHB Alexandre Garcia 0-0: Ball
1-0: SOLO HOME RUN (Flyball, 9D, EV 98.8 MPH), Distance : 379 ft
Batting: RHB Rick Kendall 0-0: Ball
1-0: Ball
2-0: Ball
3-0: Base on Balls
Batting: LHB Jose Hilario 0-0: Ball
1-0: Ball
2-0: Ball
3-0: Called Strike
3-1: Called Strike
3-2: SINGLE (Line Drive, 56, EV 94.4 MPH)
Rick Kendall to second
Pitching: RHP Kenny Samuels
Batting: LHB Ben Roth 0-0: Called Strike
0-1: Called Strike
0-2: Ball
1-2: Strikes out looking
Batting: RHB Ioan Biros 0-0: Ball
1-0: Ball
2-0: Called Strike
2-1: Ball
3-1: Fielders Choice at 2nd, 5-4 (Groundball, 56, EV 83.1 MPH)
Top of the 8th over - 1 run, 2 hits, 0 errors, 2 left on base; Minnesota (NYP) 4 - Staten Island 4
BOTTOM OF THE 8TH
Staten Island Yankees batting - Pitching for Minnesota (NYP) Twins : RHP Cody Bryant
Batting: LHB Dario Segura 0-0: Called Strike
0-1: Ball
1-1: Ground out 4-3 (Groundball, 4, EV 91.2 MPH)
Batting: RHB Pat Pemberton 0-0: Ball
1-0: Swinging Strike
1-1: Swinging Strike
1-2: Foul Ball, location: 2F
1-2: Strikes out swinging
Batting: SHB Tadaaki Kondo 0-0: Ball
1-0: Fly out, F8 (Flyball, 8RD, EV 97.5 MPH)
Bottom of the 8th over - 0 runs, 0 hits, 0 errors, 0 left on base; Minnesota (NYP) 4 - Staten Island 4
TOP OF THE 9TH
Minnesota (NYP) Twins batting - Pitching for Staten Island Yankees : RHP Kenny Samuels
Batting: LHB Yasutoshi Hayashi 0-0: Fly out, F8 (Flyball, 78M, EV 83.8 MPH)
Batting: RHB Caleb Bockmann 0-0: Swinging Strike
0-1: Foul Ball, location: 2F
0-2: Strikes out looking
Batting: LHB Ryuuichi Shintani 0-0: Ball
1-0: Foul Ball, location: 2F
1-1: Called Strike
1-2: Ball
2-2: SINGLE (Groundball, 4S, EV 68.8 MPH) (infield hit)
Batting: RHB Steve Terrell 0-0: Ball
1-0: Foul Ball, location: 2F
1-1: Foul Ball, location: 2F
1-2: Ball
2-2: Ball
Ryuuichi Shintani steals 2nd base (no throw)
3-2: Ground out 6-3 (Groundball, 6, EV 77.5 MPH)
Top of the 9th over - 0 runs, 1 hit, 0 errors, 1 left on base; Minnesota (NYP) 4 - Staten Island 4
BOTTOM OF THE 9TH
Staten Island Yankees batting - Pitching for Minnesota (NYP) Twins : RHP Cody Bryant
Pitching: RHP Larry Muttart
Batting: LHB Mike Schermerhorn 0-0: Ball
1-0: Ball
2-0: Called Strike
2-1: Ground out U3 (Groundball, 3, EV 89.4 MPH)
Batting: SHB Adam Slade 0-0: Ball
1-0: Ball
2-0: Ball
3-0: Base on Balls
Batting: RHB Edite Leoni 0-0: Called Strike
0-1: Called Strike
0-2: Ball
1-2: Ball
2-2: Fly out, F8 (Flyball, 8RM, EV 83.1 MPH)
Batting: RHB Matt Thompson Balk!
Adam Slade to second
0-0: Ball
Wild Pitch!
Adam Slade to third
1-0: Ball
2-0: Foul Ball, location: 2F
2-1: Foul Ball, location: 2F
2-2: Ball
3-2: Base on Balls
Batting: RHB Danny Ayala 0-0: Ball
1-0: Ball
Wild Pitch!
Adam Slade scores
Bottom of the 9th over - 1 run, 0 hits, 0 errors, 1 left on base; Minnesota (NYP) 4 - Staten Island 5
Tuesday, March 28th , 2023 - OOTP Baseball 23.10 Build 110